 Dungeon Crawl Stone Soup version 0.19-a0-1188-g4c2e17c (webtiles) character file.

35 Kurtz the Ogre Mage (level 3, 0/32 HPs)
             Began as an Ogre Ice Elementalist on Aug 18, 2016.
             Succumbed to an adder's poison
             ... on level 2 of the Dungeon.
             The game lasted 00:02:11 (877 turns).

Kurtz the Ogre Mage (Ogre Ice Elementalist)          Turns: 877, Time: 00:02:12

Health: 0/32       AC:  3    Str: 13    XL:     3   Next: 33%
Magic:  4/7        EV: 10    Int: 14    God:
Gold:   83         SH:  0    Dex: 11    Spells: 2 memorised, 4 levels left

rFire  + . .     SeeInvis .     e - +0 mace
rCold  + . .     Gourm    .     a - +0 robe
rNeg   . . .     Faith    .     (no shield)
rPois  +         Spirit   .     (helmet restricted)
rElec  +         Dismiss  .     (no cloak)
rCorr  +         Reflect  .     (gloves unavailable)
MR     .....     Harm     .     (boots unavailable)
Stlth  +.........               (no amulet)
                                (no ring)
                                (no ring)

@: lethally poisoned (0 -> -6), resistant, very slightly contaminated
A: unfitting armour, tough skin 1
a: no special abilities


You were on level 2 of the Dungeon.
You were not hungry.

You visited 1 branch of the dungeon, and saw 2 of its levels.

You collected 83 gold pieces.

Inventory:

Hand Weapons
 e - a +0 mace (weapon)
Armour
 a - a +0 robe (worn)
Jewellery
 k - an uncursed ring of positive energy {unknown}
Scrolls
 d - a scroll of remove curse {unknown}
 g - a scroll of immolation {unknown}
 i - a scroll of fear {unknown}
 j - 3 scrolls of recharging {unknown}
 m - a scroll of identify {unknown}
Books
 b - a book of Frost

   Spells                             Type                      Level
   a - Freeze                         Ice                          1
   b - Throw Frost                    Conjuration/Ice              2
   c - Ozocubu's Armour               Charms/Ice                   3
   d - Throw Icicle                   Conjuration/Ice              4
   e - Summon Ice Beast               Ice/Summoning                4
Comestibles
 c - a bread ration
 h - 2 meat rations
 l - 2 chunks of flesh


   Skills:
 + Level 0.3 Fighting
 * Level 1.3 Maces & Flails
 + Level 2.1 Dodging
 - Level 1.5 Stealth
 + Level 2.9 Spellcasting
 + Level 0.6 Conjurations
 + Level 2.5 Ice Magic


You had 4 spell levels left.
You knew the following spells:

 Your Spells              Type           Power        Failure   Level  Hunger
a - Freeze                Ice            #...         10%         1    #......
b - Throw Frost           Conj/Ice       #.....       21%         2    ##.....


Dungeon Overview and Level Annotations

Branches:
Dungeon (2/15)

Altars:
Kikubaaqudgha


Innate Abilities, Weirdness & Mutations

You are too large for most types of armour.
You have tough skin. (AC +1)


Message History

You kill the adder!
Casting: Freeze
Confirm with . or Enter, or press ? or * to list all spells.
Okay, then.
It was a potion of resistance.
You feel protected.
* * * LOW HITPOINT WARNING * * *
You feel sick. The quokka bites you.
* * * LOW HITPOINT WARNING * * *
The quokka misses you.
Unknown command.
Casting: Freeze
Confirm with . or Enter, or press ? or * to list all spells.
Aiming: Freeze
Press: ? - help, Shift-Dir - straight line, f - quokka
Aim: a quokka You miscast Freeze.
You are very lightly contaminated with residual magic.
Nothing appears to happen.
You die...

#...##.# #. #.#.##.# #.
#.#.##.. #. #.#.##.# #
#.####.#.##(# .#
#.##.....(#.##.# #.#
###..............#####.#
.....P..@$.......(.(.#.#
.......rPP###.######.#.#
.P.P.#....# #.# #.#.#
..PP ##...# #># #.#.##
.P ...P.P##.# #.....
......P##.# ###.##
.._..##.##.# #... ......
....# #### ##### .## #


You could see a quokka.

Vanquished Creatures
  An adder (D:2)
  An ooze (D:1)
  A dart slug (D:1)
  3 bats (D:1)
  3 giant cockroaches (D:1)
  2 hobgoblins (D:1)
  A giant newt (D:1)
  5 kobolds
  5 rats (D:1)
22 creatures vanquished.

Notes
Turn   | Place    | Note
-------+----------+-------------------------------------------
     0 | D:1      | Kurtz the Ogre Ice Elementalist began the quest for the Orb.
     0 | D:1      | Reached XP level 1. HP: 16/16 MP: 3/3
   177 | D:1      | Reached XP level 2. HP: 22/24 MP: 5/5
   199 | D:1      | Learned a level 2 spell: Throw Frost
   433 | D:1      | Reached skill level 1 in Maces & Flails
   704 | D:1      | Reached XP level 3. HP: 29/31 MP: 7/7
   864 | D:2      | Found an ancient bone altar of Kikubaaqudgha.
   876 | D:2      | HP: 1/32 [quokka (2)]
   877 | D:2      | Succumbed to an adder's poison

Vault maps used:
D:1:      lemuel_arrival_river_bridge
D:2:      minmay_diamond_boxcup, kiku_gazebo_garden_becter, lemuel_round_altar

Skill      XL: |  1  2 |
---------------+-------+-----
Dodging        | 2 |  2.1
Maces & Flails | 1 |  1.3
Fighting       | |  0.3
Stealth        | |  1.5
Spellcasting   | |  2.9
Conjurations   | |  0.6
Ice Magic      | |  2.5

Action                   || total
-------------------------++-------
Melee: Unarmed           ||    17
       Mace              ||    40
 Cast: Freeze            ||    14
  Use: Potion            ||     1
Armor: Robe              ||    27
Dodge: Dodged            ||    53
